| TOP OF THE 1ST |
|
Covington Blue Sox batting - Pitching for Johnson City Soilders : RHP Reggie Dobie
|
|
Pitching: RHP Reggie Dobie
|
|
|
Batting: RHB Douglas Palmer
|
0-0: Called Strike 0-1: Ball 1-1: Ball 2-1: Ball 3-1: Base on Balls
|
|
Batting: RHB John Halasz
|
0-0: Ball 1-0: Called Strike 1-1: Swinging Strike 1-2: Strikes out swinging Douglas Palmer steals 2nd base (no throw) Batter strikes out.
|
|
Batting: LHB Tito Nanni
|
0-0: Ball Douglas Palmer is caught stealing 3rd base 2-5 1-0: Foul Ball, location: 2F 1-1: Called Strike 1-2: Ball 2-2: Foul Ball, location: 2F 2-2: Fly out, F8 (Flyball, 8LM, EV 93.1 MPH)
|
| Top of the 1st over - 0 runs, 0 hits, 0 errors, 0 left on base; Covington 0 - Johnson City 0 |
| BOTTOM OF THE 1ST |
|
Johnson City Soilders batting - Pitching for Covington Blue Sox : RHP Jim Parke
|
|
Pitching: RHP Jim Parke
|
|
|
Batting: RHB Rich Amaral
|
0-0: Foul Ball, location: 2F 0-1: Ball 1-1: Ball 2-1: Bunt for hit to 25 - play at first, batter OUT! 5-3
|
|
Batting: RHB Alejandro Sanchez
|
0-0: Foul Ball, location: 2F 0-1: Ball 1-1: Ball 2-1: Foul Ball, location: 2F 2-2: Fly out, F8 (Line Drive, 8RD, EV 94.4 MPH)
|
|
Batting: RHB Keith Mucha
|
0-0: Ball 1-0: Called Strike 1-1: Ground out 6-3 (Groundball, 6, EV 92.5 MPH)
|
| Bottom of the 1st over - 0 runs, 0 hits, 0 errors, 0 left on base; Covington 0 - Johnson City 0 |
| TOP OF THE 2ND |
|
Covington Blue Sox batting - Pitching for Johnson City Soilders : RHP Reggie Dobie
|
|
Batting: RHB Reginald Dewar
|
0-0: Ball 1-0: Fly out, F3 (Popup, 3F, EV 56.9 MPH)
|
|
Batting: RHB William Hoff
|
0-0: Ground out 4-3 (Groundball, 4, EV 87.5 MPH)
|
|
Batting: RHB Joseph Tarver
|
0-0: Called Strike 0-1: Ball 1-1: Called Strike 1-2: Foul Ball, location: 2F 1-2: Ground out 5-3 (Groundball, 5S, EV 67.5 MPH)
|
| Top of the 2nd over - 0 runs, 0 hits, 0 errors, 0 left on base; Covington 0 - Johnson City 0 |
| BOTTOM OF THE 2ND |
|
Johnson City Soilders batting - Pitching for Covington Blue Sox : RHP Jim Parke
|
|
Batting: SHB Jeff Trout
|
0-0: Foul Ball, location: 2F 0-1: SINGLE (Groundball, 6M, EV 105.6 MPH) (infield hit)
|
|
Batting: RHB Eugene Steinbach
|
0-0: Ball 1-0: Ball 2-0: Called Strike 2-1: DOUBLE (Flyball, 8RXD, EV 91.9 MPH) Jeff Trout to third
|
|
Batting: RHB Juan Pacho
|
0-0: Ball 1-0: SINGLE (Groundball, 56D, EV 97.5 MPH) Jeff Trout scores Eugene Steinbach to third
|
|
Batting: RHB Thomas Mitchell
|
0-0: Swinging Strike 0-1: Swinging Strike 0-2: Ball 1-2: Strikes out looking
|
|
Batting: RHB Victor Gonzalez
|
0-0: Grounds into double play, 6-4-3 (Groundball, 6, EV 99.4 MPH)
|
| Bottom of the 2nd over - 1 run, 3 hits, 0 errors, 1 left on base; Covington 0 - Johnson City 1 |
| TOP OF THE 3RD |
|
Covington Blue Sox batting - Pitching for Johnson City Soilders : RHP Reggie Dobie
|
|
Batting: RHB Bill White
|
0-0: Foul Ball, location: 2F 0-1: Swinging Strike 0-2: SINGLE (Line Drive, 4M, EV 96.3 MPH)
|
|
Batting: RHB Kenneth Bodle
|
0-0: Swinging Strike 0-1: Called Strike 0-2: Ball 1-2: Foul Ball, location: 2F 1-2: Strikes out swinging
|
|
Batting: RHB Ronn Reynolds
|
0-0: Ball Bill White steals 2nd base 1-0: Foul Ball, location: 2F 1-1: Ground out 5-3 (Groundball, 56S, EV 91.9 MPH)
|
|
Batting: RHB Douglas Palmer
|
0-0: Ball 1-0: Ball 2-0: Ball 3-0: Foul Ball, location: 2F 3-1: Base on Balls
|
|
Batting: RHB John Halasz
|
0-0: Called Strike 0-1: Ball 1-1: Ball 2-1: Ball 3-1: Called Strike 3-2: DOUBLE (Flyball, 9LD, EV 94.4 MPH) Bill White scores Douglas Palmer to third Douglas Palmer scores
|
|
Batting: LHB Tito Nanni
|
0-0: Ball 1-0: Swinging Strike 1-1: DOUBLE (Line Drive, 9LS, EV 105.6 MPH) John Halasz scores
|
|
Batting: RHB Reginald Dewar
|
0-0: SINGLE (Line Drive, 34D, EV 98.1 MPH) Tito Nanni to third Runner from 3rd tries for Home, SAFE, throw by RF to home
|
|
Batting: RHB William Hoff
|
0-0: Fly out, F7 (Flyball, 7LD, EV 103.1 MPH)
|
| Top of the 3rd over - 4 runs, 4 hits, 0 errors, 1 left on base; Covington 4 - Johnson City 1 |
| BOTTOM OF THE 3RD |
|
Johnson City Soilders batting - Pitching for Covington Blue Sox : RHP Jim Parke
|
|
Batting: SHB Victor Hernandez
|
0-0: Ball 1-0: Ground out 6-3 (Groundball, 6, EV 82.5 MPH)
|
|
Batting: RHB Rich Amaral
|
0-0: Ball 1-0: Called Strike 1-1: Swinging Strike 1-2: Ball 2-2: Ball 3-2: Foul Ball, location: 2F 3-2: Foul Ball, location: 2F 3-2: Foul Ball, location: 2F 3-2: Base on Balls
|
|
Batting: RHB Alejandro Sanchez
|
0-0: Ball 1-0: Ball 2-0: Fly out, F8 (Flyball, 78D, EV 88.8 MPH)
|
|
Batting: RHB Keith Mucha
|
0-0: Ball Rich Amaral steals 2nd, throwing error, E2 Rich Amaral to third 1-0: Foul Ball, location: 2F 1-1: Ball 2-1: Ball 3-1: Foul Ball, location: 2F 3-2: Ground out 6-3 (Groundball, 6, EV 79.4 MPH)
|
| Bottom of the 3rd over - 0 runs, 0 hits, 1 error, 1 left on base; Covington 4 - Johnson City 1 |
| TOP OF THE 4TH |
|
Covington Blue Sox batting - Pitching for Johnson City Soilders : RHP Reggie Dobie
|
|
Batting: RHB Joseph Tarver
|
0-0: Called Strike 0-1: Called Strike 0-2: Ball 1-2: Strikes out swinging
|
|
Batting: RHB Bill White
|
0-0: Foul Ball, location: 2F 0-1: Ball 1-1: Ground out 6-3 (Groundball, 6, EV 90.0 MPH)
|
|
Batting: RHB Kenneth Bodle
|
0-0: Called Strike 0-1: Called Strike 0-2: Ball 1-2: Foul Ball, location: 2F 1-2: Foul Ball, location: 2F 1-2: Strikes out looking
|
| Top of the 4th over - 0 runs, 0 hits, 0 errors, 0 left on base; Covington 4 - Johnson City 1 |
| BOTTOM OF THE 4TH |
|
Johnson City Soilders batting - Pitching for Covington Blue Sox : RHP Jim Parke
|
|
Batting: SHB Jeff Trout
|
0-0: Ground out 5-3 (Groundball, 56, EV 81.9 MPH)
|
|
Batting: RHB Eugene Steinbach
|
0-0: Foul Ball, location: 2F 0-1: Ball 1-1: Ball 2-1: Swinging Strike 2-2: Ball 3-2: Ground out 6-3 (Groundball, 6, EV 85.0 MPH)
|
|
Batting: RHB Juan Pacho
|
0-0: Foul Ball, location: 2F 0-1: Ground out U3 (Groundball, 34S, EV 83.1 MPH)
|
| Bottom of the 4th over - 0 runs, 0 hits, 0 errors, 0 left on base; Covington 4 - Johnson City 1 |
| TOP OF THE 5TH |
|
Covington Blue Sox batting - Pitching for Johnson City Soilders : RHP Reggie Dobie
|
|
Batting: RHB Ronn Reynolds
|
0-0: SINGLE (Groundball, 56D, EV 102.5 MPH)
|
|
Batting: RHB Douglas Palmer
|
0-0: Ball 1-0: Ball 2-0: Swinging Strike 2-1: Ball 3-1: Swinging Strike 3-2: Base on Balls Ronn Reynolds to second
|
|
Batting: RHB John Halasz
|
0-0: Ball 1-0: Ball 2-0: Called Strike 2-1: Swinging Strike 2-2: Ball 3-2: Base on Balls Ronn Reynolds to third Douglas Palmer to second
|
|
Batting: LHB Tito Nanni
|
0-0: Ball 1-0: Ball 2-0: Called Strike 2-1: Called Strike 2-2: Strikes out swinging
|
|
Batting: RHB Reginald Dewar
|
0-0: Swinging Strike 0-1: Ball 1-1: Fly out, F9 (Flyball, 9S, EV 85.0 MPH)
|
|
Batting: RHB William Hoff
|
0-0: Ball 1-0: Called Strike 1-1: SINGLE (Groundball, 4MS, EV 73.1 MPH) (infield hit) Ronn Reynolds scores Douglas Palmer to third John Halasz to second
|
|
Batting: RHB Joseph Tarver
|
0-0: Swinging Strike 0-1: Ball 1-1: DOUBLE (Flyball, 78D, EV 105.6 MPH) Douglas Palmer scores John Halasz scores William Hoff to third Runner from 3rd tries for Home, SAFE, no throw by CF
|
|
Pitching: LHP Bob Gunnarsson
|
|
|
Batting: RHB Bill White
|
0-0: Called Strike 0-1: Ball 1-1: Ball 2-1: Called Strike 2-2: Foul Ball, location: 2F 2-2: Ball 3-2: Ground out 1-3 (Groundball, 13, EV 71.3 MPH)
|
| Top of the 5th over - 4 runs, 3 hits, 0 errors, 1 left on base; Covington 8 - Johnson City 1 |
| BOTTOM OF THE 5TH |
|
Johnson City Soilders batting - Pitching for Covington Blue Sox : RHP Jim Parke
|
|
Batting: RHB Thomas Mitchell
|
0-0: Swinging Strike 0-1: Foul Ball, location: 2F 0-2: Foul Ball, location: 2F 0-2: Strikes out looking
|
|
Batting: RHB Victor Gonzalez
|
0-0: Foul Ball, location: 2F 0-1: Ground out 2-3 (Groundball, 15S, EV 65.0 MPH)
|
|
Batting: SHB Victor Hernandez
|
0-0: Ground out 3-1 (Groundball, 3D, EV 102.5 MPH)
|
| Bottom of the 5th over - 0 runs, 0 hits, 0 errors, 0 left on base; Covington 8 - Johnson City 1 |
| TOP OF THE 6TH |
|
Covington Blue Sox batting - Pitching for Johnson City Soilders : LHP Bob Gunnarsson
|
|
Batting: RHB Kenneth Bodle
|
0-0: Called Strike 0-1: Called Strike 0-2: Strikes out swinging
|
|
Batting: RHB Ronn Reynolds
|
0-0: Ball 1-0: Ball 2-0: Ball 3-0: Base on Balls
|
|
Batting: RHB Douglas Palmer
|
0-0: Foul Ball, location: 2F 0-1: Foul Ball, location: 2F 0-2: Ball 1-2: Ball 2-2: Ball 3-2: SINGLE (Line Drive, 6M, EV 104.4 MPH) Ronn Reynolds to second
|
|
Batting: RHB John Halasz
|
0-0: Ball 1-0: Swinging Strike 1-1: Ball 2-1: Foul Ball, location: 2F 2-2: Strikes out looking
|
|
Batting: LHB Tito Nanni
|
0-0: Called Strike 0-1: Ball 1-1: Ball 2-1: Ball 3-1: Base on Balls Ronn Reynolds to third Douglas Palmer to second
|
|
Batting: RHB Reginald Dewar
|
0-0: Ball 1-0: Swinging Strike 1-1: Ball 2-1: Ball 3-1: Base on Balls Ronn Reynolds scores Douglas Palmer to third Tito Nanni to second
|
|
Batting: RHB William Hoff
|
0-0: Ball 1-0: Swinging Strike 1-1: Swinging Strike 1-2: Ball 2-2: Foul Ball, location: 2F 2-2: Ball 3-2: Base on Balls Douglas Palmer scores Tito Nanni to third Reginald Dewar to second
|
|
Batting: RHB Joseph Tarver
|
0-0: Foul Ball, location: 2F 0-1: Swinging Strike 0-2: DOUBLE (Flyball, 78D, EV 108.1 MPH) Tito Nanni scores Reginald Dewar scores William Hoff to third Runner from 3rd tries for Home, SAFE, throw by CF to home
|
|
Pitching: RHP Albert Hartman
|
|
|
Batting: RHB Bill White
|
0-0: Ball 1-0: Ball 2-0: Reached on error, E1 (Groundball, 13S, EV 71.9 MPH) Joseph Tarver scores
|
|
Batting: RHB Kenneth Bodle
|
0-0: Reached on error, E6 (Groundball, 6, EV 81.9 MPH) Bill White to third
|
|
Batting: RHB Ronn Reynolds
|
0-0: Foul Ball, location: 2F 0-1: Called Strike 0-2: Ball 1-2: Strikes out swinging
|
| Top of the 6th over - 6 runs, 2 hits, 2 errors, 2 left on base; Covington 14 - Johnson City 1 |
| BOTTOM OF THE 6TH |
|
Johnson City Soilders batting - Pitching for Covington Blue Sox : RHP Jim Parke
|
|
Batting: RHB Rich Amaral
|
0-0: Ball 1-0: Ground out 6-3 (Groundball, 6, EV 102.5 MPH)
|
|
Batting: RHB Alejandro Sanchez
|
0-0: Ball 1-0: Foul Ball, location: 2F 1-1: Ball 2-1: Called Strike 2-2: Foul Ball, location: 2F 2-2: Fly out, F7 (Flyball, 78M, EV 88.1 MPH)
|
|
Batting: RHB Keith Mucha
|
0-0: Ball 1-0: Swinging Strike 1-1: Ball 2-1: Ball 3-1: SINGLE (Line Drive, 6D, EV 99.4 MPH)
|
|
Batting: SHB Jeff Trout
|
0-0: Fielders Choice at 2nd, 5-4 (Groundball, 5, EV 92.5 MPH)
|
| Bottom of the 6th over - 0 runs, 1 hit, 0 errors, 1 left on base; Covington 14 - Johnson City 1 |
| TOP OF THE 7TH |
|
Covington Blue Sox batting - Pitching for Johnson City Soilders : RHP Albert Hartman
|
|
Pinch Hitting: RHB Pride Evans
|
0-0: Called Strike 0-1: Ball 1-1: Swinging Strike 1-2: Strikes out swinging
|
|
Pinch Hitting: LHB Onesimo Perez
|
0-0: Ground out 3-1 (Groundball, 34, EV 88.1 MPH)
|
|
Batting: LHB Tito Nanni
|
0-0: Ball 1-0: Fly out, F7 (Line Drive, 7D, EV 103.1 MPH)
|
| Top of the 7th over - 0 runs, 0 hits, 0 errors, 0 left on base; Covington 14 - Johnson City 1 |
| BOTTOM OF THE 7TH |
|
Johnson City Soilders batting - Pitching for Covington Blue Sox : RHP Jim Parke
|
|
Now at 2B: Pride Evans
|
|
|
Now in LF: Sam Haro
|
|
|
Batting: RHB Eugene Steinbach
|
0-0: Fly out, F7 (Flyball, 7LM, EV 83.1 MPH)
|
|
Batting: RHB Juan Pacho
|
0-0: Ball 1-0: Called Strike 1-1: Ball 2-1: Ball 3-1: Reached on error, E3 (Groundball, 34, EV 103.8 MPH)
|
|
Batting: RHB Thomas Mitchell
|
0-0: Ball 1-0: Called Strike 1-1: Foul Ball, location: 2F 1-2: Ball Wild Pitch! Juan Pacho to second 2-2: SINGLE (Flyball, 8LS, EV 91.3 MPH) Juan Pacho to third Runner from 3rd tries for Home, SAFE, throw by CF to home
|
|
Batting: RHB Victor Gonzalez
|
0-0: Called Strike Thomas Mitchell steals 2nd base (no throw) 0-1: Ball 1-1: Ground out 5-3 (Groundball, 56, EV 99.4 MPH)
|
|
Batting: SHB Victor Hernandez
|
0-0: Called Strike 0-1: Ball 1-1: Fly out, F8 (Line Drive, 8LD, EV 99.4 MPH)
|
| Bottom of the 7th over - 1 run, 1 hit, 1 error, 1 left on base; Covington 14 - Johnson City 2 |
| TOP OF THE 8TH |
|
Covington Blue Sox batting - Pitching for Johnson City Soilders : RHP Albert Hartman
|
|
Batting: RHB Reginald Dewar
|
0-0: Called Strike 0-1: Ball 1-1: Ground out 6-3 (Groundball, 6, EV 93.1 MPH)
|
|
Batting: RHB William Hoff
|
0-0: Called Strike 0-1: Ground out 1-3 (Groundball, 34S, EV 68.8 MPH)
|
|
Pinch Hitting: RHB Jorge Pena
|
0-0: Fly out, F8 (Flyball, 8LM, EV 96.3 MPH)
|
| Top of the 8th over - 0 runs, 0 hits, 0 errors, 0 left on base; Covington 14 - Johnson City 2 |
| BOTTOM OF THE 8TH |
|
Johnson City Soilders batting - Pitching for Covington Blue Sox : RHP Jim Parke
|
|
Now at SS: Jorge Pena
|
|
|
Batting: RHB Rich Amaral
|
0-0: Ball 1-0: Fly out, F9 (Flyball, 9S, EV 91.3 MPH)
|
|
Batting: RHB Alejandro Sanchez
|
0-0: Ball 1-0: Called Strike 1-1: SINGLE (Line Drive, 56, EV 93.8 MPH)
|
|
Batting: RHB Keith Mucha
|
0-0: Ball 1-0: Called Strike 1-1: SINGLE (Groundball, 6MD, EV 104.4 MPH) Alejandro Sanchez to second
|
|
Batting: SHB Jeff Trout
|
0-0: Ball 1-0: Fly out, F8 (Flyball, 8LD, EV 95.0 MPH)
|
|
Batting: RHB Eugene Steinbach
|
0-0: SINGLE (Groundball, 56, EV 96.9 MPH) Alejandro Sanchez to third Keith Mucha to second Runner from 3rd tries for Home, SAFE, throw by LF to home
|
|
Batting: RHB Juan Pacho
|
0-0: Called Strike 0-1: Fly out, F5 (Popup, 56S, EV 77.5 MPH)
|
| Bottom of the 8th over - 1 run, 3 hits, 0 errors, 2 left on base; Covington 14 - Johnson City 3 |
| TOP OF THE 9TH |
|
Covington Blue Sox batting - Pitching for Johnson City Soilders : RHP Albert Hartman
|
|
Pinch Hitting: RHB Warren Skelton
|
0-0: Ball 1-0: Ball 2-0: Swinging Strike 2-1: Ball 3-1: Foul Ball, location: 2F 3-2: Base on Balls
|
|
Pitching: LHP Steve Frey
|
|
|
Batting: RHB Kenneth Bodle
|
0-0: Ball 1-0: Ball 2-0: Ball 3-0: Called Strike 3-1: Base on Balls Warren Skelton to second
|
|
Pinch Hitting: RHB Angel Diaz
|
0-0: Ball 1-0: Called Strike 1-1: Swinging Strike 1-2: Strikes out swinging
|
|
Batting: RHB Pride Evans
|
0-0: Called Strike 0-1: Called Strike 0-2: Foul Ball, location: 2F 0-2: Foul Ball, location: 2F 0-2: Foul Ball, location: 2F 0-2: Fielders Choice at 2nd, 1-6 (Groundball, 13, EV 73.8 MPH) Warren Skelton to third
|
|
Batting: SHB Sam Haro
|
0-0: Called Strike 0-1: Ground out U3 (Groundball, 3, EV 84.4 MPH)
|
| Top of the 9th over - 0 runs, 0 hits, 0 errors, 2 left on base; Covington 14 - Johnson City 3 |
| BOTTOM OF THE 9TH |
|
Johnson City Soilders batting - Pitching for Covington Blue Sox : RHP Jim Parke
|
|
Now at C: Angel Diaz
|
|
|
Now at 3B: Warren Skelton
|
|
|
Batting: RHB Thomas Mitchell
|
0-0: Called Strike 0-1: DOUBLE (Line Drive, 7LS, EV 101.3 MPH)
|
|
Batting: RHB Victor Gonzalez
|
0-0: Ground out 6-3 (Groundball, 6MS, EV 78.8 MPH) Thomas Mitchell to third
|
|
Batting: SHB Victor Hernandez
|
0-0: Ball 1-0: Called Strike 1-1: Called Strike 1-2: Fly out, F7 (Flyball, 78D, EV 90.6 MPH) Runner from 3rd tags up, SCORES, no throw by LF
|
|
Batting: RHB Rich Amaral
|
0-0: Ball 1-0: Called Strike 1-1: Ball 2-1: Ball 3-1: Base on Balls
|
|
Batting: RHB Alejandro Sanchez
|
0-0: Fly out, F4 (Popup, 4, EV 65.6 MPH)
|
| Bottom of the 9th over - 1 run, 1 hit, 0 errors, 1 left on base; Covington 14 - Johnson City 4 |
|